Sound Tigers vs Comets
Created - July 11, 2022 at 23:52
Goals
|
| Sound Tigers |
1 |
0 |
4 |
5 |
| Comets |
1 |
1 |
0 |
2 |
|
Shots
|
| Sound Tigers |
18 |
9 |
15 |
42 |
| Comets |
13 |
11 |
4 |
28 |
|
1st period
1. Comets , Dennis Everberg 3 (Taylor Beck 2, Oliver Kylington 3) at 3:42 (PP)
2. Sound Tigers , James Sheppard 2 (James Livingstone 1) at 12:32
Penalties :
Pavel Kraskovsky (BRI) for Slashing (Minor) at 1:43
2nd period
3. Comets , Nathan Gerbe 1 (Dennis Everberg 1, Taylor Beck 3) at 15:43
Penalties :
Phil Di Giuseppe (Uti) for Slashing (Minor) at 1:04, Juho Lammikko (Uti) for Hooking (Minor) at 16:18
3rd period
4. Sound Tigers , Joe Labate 1 (Alex Tuch 1, Connor Murphy 1) at 0:13
5. Sound Tigers , Garret Ross 1 (Christian Fischer 1) at 15:15
6. Sound Tigers , Pavel Kraskovsky 1 (Alex Tuch 2, Connor Murphy 2) at 16:09
7. Sound Tigers , Ross Colton 1 (Ben Thomson 1, Ben Johnson 1) at 17:32
Penalties :
Borna Rendulic (BRI) for Interference (Minor) at 7:51, Pavel Kraskovsky (BRI) for Interference (Minor) at 13:18, Taylor Beck (Uti) for Hooking (Minor) at 13:24, Oliver Kylington (Uti) for Charging (Minor) at 18:19
Goalie Stats
Pavel Francouz (BRI), 26 saves from 28 shots - (0.929), W, 1-1-0, 60:00 minutes
Alexandar Georgiev (Uti), 37 saves from 42 shots - (0.881), L, 1-1-0, 60:00 minutes
Players Stats for Sound Tigers
Player Name G A P +/- PIM S H SB GA TA FO MP PP MP PK MP
------------------------------------------------------------------------------------
Alex Tuch 0 2 2 2 0 5 1 1 0 1 3/9 21:59 3:57 1:51
Alexander Yelesin 0 0 0 0 0 1 2 0 0 0 0/0 14:09 0:00 0:25
Ben Johnson 0 1 1 1 0 0 1 0 0 0 3/7 9:44 0:00 0:24
Ben Thomson 0 1 1 1 0 5 2 0 1 0 0/0 10:10 0:00 0:50
Blake Speers 0 0 0 0 0 0 0 0 0 0 0/0 0:00 0:00 0:00
Borna Rendulic 0 0 0 0 2 3 2 0 0 0 0/0 10:59 0:17 0:00
Brad Ross 0 0 0 0 0 0 0 0 0 0 0/0 0:12 0:00 0:12
Christian Fischer 0 1 1 2 0 3 3 0 0 0 1/2 19:18 3:51 1:11
Connor Murphy 0 2 2 3 0 2 1 4 1 0 0/0 25:08 4:00 1:51
Dylan McIlrath 0 0 0 3 0 2 2 2 0 3 0/0 25:04 4:00 1:51
Gabriel Carlsson 0 0 0 0 0 0 0 1 0 2 0/0 14:05 0:00 0:25
Garret Pilon 0 0 0 0 0 0 0 0 0 0 0/0 0:00 0:00 0:00
Garret Ross 1 0 1 1 0 4 2 0 2 0 0/0 12:07 0:00 1:11
James Livingstone 0 1 1 0 0 1 0 0 0 1 0/0 14:56 1:27 0:00
James Sheppard 1 0 1 1 0 4 1 0 0 1 1/1 19:02 1:33 1:51
Joe Labate 1 0 1 1 0 2 1 0 1 0 11/27 17:53 3:51 0:00
Josh Archibald 0 0 0 0 0 0 0 0 0 0 0/0 0:38 0:00 0:38
Julian Melchiori 0 0 0 1 0 3 0 2 0 0 0/0 20:47 1:44 1:48
Pavel Kraskovsky 1 0 1 1 4 3 0 0 0 0 4/7 15:41 1:28 0:00
Rhett Gardner 0 0 0 0 0 0 0 0 0 1 2/3 10:42 0:00 0:00
Ross Colton 1 0 1 1 0 2 1 0 0 0 0/0 9:19 0:00 0:00
Scott Glennie 0 0 0 0 0 1 0 0 0 0 1/1 0:44 0:28 0:00
Slater Koekkoek 0 0 0 1 0 1 0 0 0 0 0/0 20:47 1:44 1:48
Tyrell Goulbourne 0 0 0 0 0 0 0 0 0 0 0/0 0:36 0:20 0:00
Players Stats for Comets
Player Name G A P +/- PIM S H SB GA TA FO MP PP MP PK MP
------------------------------------------------------------------------------------
Andrej Nestrasil 0 0 0 -1 0 3 1 1 1 0 3/4 12:16 0:23 3:06
Anton Karlsson 0 0 0 -1 0 0 0 2 0 0 2/4 4:22 0:47 1:13
Anton Zlobin 0 0 0 0 0 0 1 0 0 0 0/0 8:40 0:47 0:00
Dan Renouf 0 0 0 -1 0 0 1 0 0 0 0/0 11:57 0:00 2:13
Dennis Everberg 1 1 2 -2 0 2 1 0 2 0 2/2 25:08 2:05 1:39
Joshua Leivo 0 0 0 0 0 1 1 0 0 0 1/1 12:37 1:01 0:00
Juho Lammikko 0 0 0 -1 2 0 1 0 0 1 0/0 8:56 0:11 0:00
Juuso Riikola 0 0 0 0 0 3 3 0 1 0 0/0 22:57 2:02 1:33
Kurtis Macdermid 0 0 0 0 0 0 0 0 0 0 0/0 8:41 0:11 0:35
Mackenzie MacEachern 0 0 0 -1 0 0 1 0 0 0 0/0 8:38 0:00 0:00
Nathan Gerbe 1 0 1 -1 0 6 1 0 1 0 15/25 22:32 2:05 1:36
Nicolas Petan 0 0 0 -1 0 0 1 1 0 0 6/13 14:39 1:01 1:43
Oliver Kylington 0 1 1 -3 2 4 2 3 0 2 0/0 24:34 1:31 1:58
Patrick Wey 0 0 0 -3 0 4 1 1 3 1 0/0 28:14 1:43 3:01
Phil Di Giuseppe 0 0 0 0 2 0 3 1 0 0 0/1 12:37 1:01 0:00
Sami Niku 0 0 0 0 0 2 0 1 0 0 0/0 21:37 2:02 2:12
Taylor Beck 0 2 2 -2 2 3 2 1 1 0 1/2 23:37 2:04 1:33
Tyler Graovac 0 0 0 0 0 0 1 1 0 1 1/4 7:59 0:00 0:03
William Lagesson 0 0 0 -1 0 0 0 1 0 0 0/0 10:40 0:50 0:31
William Lockwood 0 0 0 -1 0 0 0 0 0 0 0/1 1:38 0:35 0:00
3 Stars
1 - Connor Murphy (BRI)
2 - Alex Tuch (BRI)
3 - Garret Ross (BRI)
Power Play
Sound Tigers - 0 on 4 Attempt(s) - 0.00%
Comets - 1 on 3 Attempt(s) - 33.33%
Penalty Kill
Sound Tigers - 2 on 3 Attempt(s) - 66.67%
- Score 0 goal in Penalty Kill
Comets - 4 on 4 Attempt(s) - 100.00%
- Score 0 goal in Penalty Kill
Team Stat
Sound Tigers - Hits : 19 - Faceoff Wins : 26 - Blocked Shots : 10 - Penalty Minutes : 6
Comets - Hits : 21 - Faceoff Wins : 31 - Blocked Shots : 13 - Penalty Minutes : 8
Official
Referees : Conor O'Donnell and Reid Anderson
Linesman : Ryan Galloway and James Tobias
Game Notes
16:09 of 3rd period - Sound Tigers goal is going for a video replay. After video review, Goal.
Finance
Level 1 -- Attendance: 2000 (100.00%) -- Ticket Income $70,000
Level 2 -- Attendance: 971 (97.10%) -- Ticket Income $14,565
Total Attendance: 2971 (99.03%)
Total Ticket Income: $84,565
Other Income: $4,228
Total Income: $88,793
Sound Tigers
5 vs 5 Forward
Center Left Wing Right Wing Time % Phy DF OF
1 Joe Labate Alex Tuch Christian Fischer 40 1 2 2
2 Pavel Kraskovsky James Sheppard James Livingstone 30 1 2 2
3 Rhett Gardner Garret Ross Borna Rendulic 20 1 2 2
4 Ben Johnson Ben Thomson Ross Colton 10 1 2 2
5 vs 5 Defense
Defense Defense Time % Phy DF OF
1 Connor Murphy Dylan McIlrath 40 1 2 2
2 Julian Melchiori Slater Koekkoek 30 1 2 2
3 Gabriel Carlsson Alexander Yelesin 20 1 2 2
4 Connor Murphy Dylan McIlrath 10 1 2 2
PowerPlay Forward
Center Left Wing Right Wing Time % Phy DF OF
1 Joe Labate Alex Tuch Christian Fischer 60 1 2 2
2 Pavel Kraskovsky James Sheppard James Livingstone 40 1 2 2
PowerPlay Defense
Defense Defense Time % Phy DF OF
1 Connor Murphy Dylan McIlrath 60 1 2 2
2 Julian Melchiori Slater Koekkoek 40 1 2 2
Penalty Kill 4 Players Forward
Center Wing Time % Phy DF OF
1 Alex Tuch James Sheppard 60 1 2 2
2 Garret Ross Christian Fischer 40 1 2 2
Penalty Kill 4 Players Defense
Defense Defense Time % Phy DF OF
1 Connor Murphy Dylan McIlrath 60 1 2 2
2 Julian Melchiori Slater Koekkoek 40 1 2 2
Penalty Kill - 3 Players Forward
Forward Time % Phy DF OF
1 Alex Tuch 60 1 2 2
2 James Sheppard 40 1 2 2
Penalty Kill - 3 Players Defense
Defense Defense Time % Phy DF OF
1 Connor Murphy Dylan McIlrath 60 1 2 2
2 Julian Melchiori Slater Koekkoek 40 1 2 2
4 vs 4 Forward
Center Wing Time % Phy DF OF
1 Alex Tuch James Sheppard 60 1 2 2
2 Garret Ross Christian Fischer 40 1 2 2
4 vs 4 Defense
Defense Defense Time % Phy DF OF
1 Connor Murphy Dylan McIlrath 60 1 2 2
2 Julian Melchiori Slater Koekkoek 40 1 2 2
Last Minutes Offensive
Center Left Wing Right Wing Defense Defense
Joe Labate Alex Tuch Christian Fischer Connor Murphy Dylan McIlrath
Last Minutes Defensive
Center Left Wing Right Wing Defense Defense
Joe Labate Alex Tuch Christian Fischer Connor Murphy Dylan McIlrath
Goaltenders
Starting : Pavel Francouz
Backup : Sean Maguire
Extra Forwards
Normal : Scott Glennie, Tyrell Goulbourne, Josh Archibald - PP : Scott Glennie, Tyrell Goulbourne - PK : Josh Archibald
Extra Defensemen
Normal : Gabriel Carlsson, Alexander Yelesin, Julian Melchiori - PP : Gabriel Carlsson - PK : Alexander Yelesin, Julian Melchiori
Penalty Shots
Alex Tuch, James Sheppard, Garret Ross, Christian Fischer, James Livingstone
Scratches
David Broll (Healthy), Ryan Bourque (Bruised Left Leg Injury), Brandon Gignac (Healthy), Casey Staum (Healthy), Chris Driedger (Healthy)
Comets
5 vs 5 Forward
Center Left Wing Right Wing Time % Phy DF OF
1 Nathan Gerbe Taylor Beck Dennis Everberg 55 1 2 2
2 Nicolas Petan Phil Di Giuseppe Joshua Leivo 30 1 2 2
3 Andrej Nestrasil Mackenzie MacEachern Juho Lammikko 10 1 2 2
4 Tyler Graovac Kurtis Macdermid Anton Zlobin 5 1 2 2
5 vs 5 Defense
Defense Defense Time % Phy DF OF
1 Patrick Wey Oliver Kylington 55 1 2 2
2 Juuso Riikola Sami Niku 30 1 2 2
3 William Lagesson Dan Renouf 10 1 2 2
4 Patrick Wey Juuso Riikola 5 1 2 2
PowerPlay Forward
Center Left Wing Right Wing Time % Phy DF OF
1 Nathan Gerbe Taylor Beck Dennis Everberg 70 0 0 5
2 Nicolas Petan Phil Di Giuseppe Joshua Leivo 30 0 0 5
PowerPlay Defense
Defense Defense Time % Phy DF OF
1 Patrick Wey Oliver Kylington 60 0 0 5
2 Juuso Riikola Sami Niku 40 0 0 5
Penalty Kill 4 Players Forward
Center Wing Time % Phy DF OF
1 Taylor Beck Dennis Everberg 60 1 2 2
2 Nathan Gerbe Andrej Nestrasil 40 1 2 2
Penalty Kill 4 Players Defense
Defense Defense Time % Phy DF OF
1 Patrick Wey Juuso Riikola 60 1 2 2
2 Oliver Kylington Sami Niku 40 1 2 2
Penalty Kill - 3 Players Forward
Forward Time % Phy DF OF
1 Taylor Beck 60 1 2 2
2 Dennis Everberg 40 1 2 2
Penalty Kill - 3 Players Defense
Defense Defense Time % Phy DF OF
1 Patrick Wey Juuso Riikola 60 1 2 2
2 Oliver Kylington Sami Niku 40 1 2 2
4 vs 4 Forward
Center Wing Time % Phy DF OF
1 Taylor Beck Dennis Everberg 60 1 2 2
2 Nathan Gerbe Andrej Nestrasil 40 1 2 2
4 vs 4 Defense
Defense Defense Time % Phy DF OF
1 Patrick Wey Juuso Riikola 60 1 2 2
2 Oliver Kylington Sami Niku 40 1 2 2
Last Minutes Offensive
Center Left Wing Right Wing Defense Defense
Nathan Gerbe Taylor Beck Dennis Everberg Patrick Wey Juuso Riikola
Last Minutes Defensive
Center Left Wing Right Wing Defense Defense
Nathan Gerbe Taylor Beck Dennis Everberg Patrick Wey Juuso Riikola
Goaltenders
Starting : Alexandar Georgiev
Backup : Thatcher Demko
Extra Forwards
Normal : Anton Karlsson, William Lockwood, Nicolas Petan - PP : Anton Karlsson, William Lockwood - PK : Nicolas Petan
Extra Defensemen
Normal : William Lagesson, Dan Renouf, Oliver Kylington - PP : William Lagesson - PK : Dan Renouf, Oliver Kylington
Penalty Shots
Taylor Beck, Dennis Everberg, Nathan Gerbe, Andrej Nestrasil, Nicolas Petan
Scratches
Jeremy Roy (Healthy), Taylor Leier (Healthy), Thomas DiPauli (Healthy), Jordan Gross (Healthy), Rasmus Asplund (Healthy)
Oskar Steen (Healthy), Dmitry Sokolov (Healthy), Marek Langhamer (Healthy)
% Time on Ice - Sound Tigers
Lines # - Real PCT - Wanted PCT - Time Play
Normal Forward
1 - 31% - 40% - 14:49
2 - 28% - 30% - 13:29
3 - 22% - 20% - 10:42
4 - 19% - 10% - 9:19
Normal Defense
1 - 35% - 40% - 17:07
2 - 34% - 30% - 16:29
3 - 28% - 20% - 13:40
4 - 2% - 10% - 1:03
PP Forward
1 - 75% - 60% - 4:17
2 - 25% - 40% - 1:27
PP Defense
1 - 70% - 60% - 4:00
2 - 30% - 40% - 1:44
PK Forward
1 - 71% - 60% - 2:53
2 - 29% - 40% - 1:11
PK Defense
1 - 49% - 60% - 2:00
2 - 51% - 40% - 2:04
PK3 Forward
1 - 0% - 60%
2 - 0% - 40%
PK3 Defense
1 - 0% - 60%
2 - 0% - 40%
44 Forward
1 - 88% - 60% - 1:39
2 - 12% - 40% - 0:14
44 Defense
1 - 59% - 60% - 1:07
2 - 41% - 40% - 0:46
Last Minute Offensive - 0:00
Last Minute Defensive - 0:00
Total
Forward - 60:00
Defense - 60:00
|
% Time on Ice - Comets
Lines # - Real PCT - Wanted PCT - Time Play
Normal Forward
1 - 42% - 55% - 20:08
2 - 24% - 30% - 11:37
3 - 18% - 10% - 8:38
4 - 16% - 5% - 7:56
Normal Defense
1 - 43% - 55% - 20:49
2 - 35% - 30% - 16:49
3 - 18% - 10% - 8:53
4 - 4% - 5% - 1:48
PP Forward
1 - 61% - 70% - 2:28
2 - 39% - 30% - 1:36
PP Defense
1 - 50% - 60% - 2:02
2 - 50% - 40% - 2:02
PK Forward
1 - 61% - 60% - 3:30
2 - 39% - 40% - 2:14
PK Defense
1 - 55% - 60% - 3:08
2 - 45% - 40% - 2:36
PK3 Forward
1 - 0% - 60%
2 - 0% - 40%
PK3 Defense
1 - 0% - 60%
2 - 0% - 40%
44 Forward
1 - 100% - 60% - 1:53
2 - 0% - 40% - 0:00
44 Defense
1 - 81% - 60% - 1:32
2 - 19% - 40% - 0:21
Last Minute Offensive - 0:00
Last Minute Defensive - 0:00
Total
Forward - 60:00
Defense - 60:00
|
Play-by-Play
1st period
0:01 of 1st period - Nathan Gerbe wins face-off versus Joe Labate in neutral zone.
0:06 of 1st period - Wrist shot by Christian Fischer.
0:06 of 1st period - Stopped by Alexandar Georgiev with a rebound.
0:08 of 1st period - Slapshot by Connor Murphy.
0:08 of 1st period - Deflect By Alex Tuch.
0:08 of 1st period - Stopped by Alexandar Georgiev with a rebound.
0:10 of 1st period - Wrist shot by Christian Fischer.
0:10 of 1st period - Stopped by Alexandar Georgiev with a rebound.
0:14 of 1st period - Wrist shot by Christian Fischer.
0:14 of 1st period - Deflect By Nathan Gerbe.
0:14 of 1st period - Shot Misses the Net.
0:14 of 1st period - Puck is out of play.
0:15 of 1st period - Joshua Leivo wins face-off versus Pavel Kraskovsky in Comets zone.
0:40 of 1st period - Garret Ross is hit by Nathan Gerbe and loses puck.
0:47 of 1st period - Wrist shot by Taylor Beck.
0:47 of 1st period - Stopped by Pavel Francouz with a rebound.
0:49 of 1st period - Snap shot by Dennis Everberg.
0:49 of 1st period - Shot Misses the Net.
0:51 of 1st period - Snap shot by Nathan Gerbe.
0:51 of 1st period - Stopped by Pavel Francouz without a rebound.
0:52 of 1st period - Andrej Nestrasil wins face-off versus Joe Labate in Sound Tigers zone.
1:03 of 1st period - Wrist shot by Juho Lammikko.
1:03 of 1st period - Shot Misses the Net.
1:19 of 1st period - Icing by Nathan Gerbe.
1:20 of 1st period - Pavel Kraskovsky wins face-off versus Nathan Gerbe in Comets zone.
1:43 of 1st period - Minor Penalty to Pavel Kraskovsky for Slashing.
1:44 of 1st period - Alex Tuch wins face-off versus Nathan Gerbe in Sound Tigers zone.
1:44 of 1st period - Alex Tuch is hit by Taylor Beck.
2:15 of 1st period - Slapshot by Dennis Everberg.
2:15 of 1st period - Shot Misses the Net.
2:17 of 1st period - Slapshot by Juuso Riikola.
2:17 of 1st period - Stopped by Pavel Francouz with a rebound.
2:19 of 1st period - Slapshot by Juuso Riikola.
2:19 of 1st period - Stopped by Pavel Francouz with a rebound.
2:21 of 1st period - Snap shot by Dennis Everberg.
2:21 of 1st period - Stopped by Pavel Francouz with a rebound.
2:35 of 1st period - James Sheppard is hit by Taylor Beck.
3:05 of 1st period - Garret Ross is hit by Juuso Riikola and loses puck.
3:36 of 1st period - Snap shot by Dennis Everberg.
3:36 of 1st period - Shot Blocked by Julian Melchiori.
3:42 of 1st period - Snap shot by Taylor Beck.
3:42 of 1st period - Deflect By Dennis Everberg.
3:42 of 1st period - Goal by Dennis Everberg - Sound Tigers : 0 - Comets : 1.
3:43 of 1st period - Nicolas Petan wins face-off versus Ben Johnson in neutral zone.
4:14 of 1st period - Snap shot by Juuso Riikola.
4:14 of 1st period - Shot Misses the Net.
4:20 of 1st period - Juuso Riikola is hit by Dylan McIlrath and loses puck.
5:03 of 1st period - Slapshot by Oliver Kylington.
5:03 of 1st period - Stopped by Pavel Francouz with a rebound.
5:05 of 1st period - Wrist shot by Oliver Kylington.
5:05 of 1st period - Stopped by Pavel Francouz without a rebound.
5:06 of 1st period - Ben Johnson wins face-off versus Tyler Graovac in Sound Tigers zone.
5:32 of 1st period - Connor Murphy is hit by Juho Lammikko and loses puck.
5:37 of 1st period - Snap shot by Andrej Nestrasil.
5:37 of 1st period - Stopped by Pavel Francouz with a rebound.
5:39 of 1st period - Slapshot by Sami Niku.
5:39 of 1st period - Deflect By Dylan McIlrath.
5:39 of 1st period - Stopped by Pavel Francouz without a rebound.
5:40 of 1st period - Nicolas Petan wins face-off versus Alex Tuch in Sound Tigers zone.
6:07 of 1st period - Juuso Riikola is hit by Garret Ross and loses puck.
6:16 of 1st period - Julian Melchiori is hit by Patrick Wey and loses puck.
6:25 of 1st period - Taylor Beck is hit by Borna Rendulic and loses puck.
6:36 of 1st period - Slapshot by Garret Ross.
6:36 of 1st period - Shot Misses the Net.
6:38 of 1st period - Wrist shot by Borna Rendulic.
6:38 of 1st period - Stopped by Alexandar Georgiev with a rebound.
6:40 of 1st period - Wrist shot by Garret Ross.
6:40 of 1st period - Stopped by Alexandar Georgiev without a rebound.
6:41 of 1st period - Joe Labate wins face-off versus Phil Di Giuseppe in Comets zone.
6:52 of 1st period - Slapshot by Juuso Riikola.
6:52 of 1st period - Shot Misses the Net.
6:54 of 1st period - Wrist shot by Nicolas Petan.
6:54 of 1st period - Shot Blocked by Dylan McIlrath.
6:56 of 1st period - Slapshot by Juuso Riikola.
6:56 of 1st period - Shot Blocked by Connor Murphy.
7:27 of 1st period - Slapshot by Ben Thomson.
7:27 of 1st period - Stopped by Alexandar Georgiev without a rebound.
7:28 of 1st period - Ben Johnson wins face-off versus Tyler Graovac in Comets zone.
7:35 of 1st period - Wrist shot by Ben Thomson.
7:35 of 1st period - Stopped by Alexandar Georgiev with a rebound.
7:49 of 1st period - Slapshot by Ben Thomson.
7:49 of 1st period - Stopped by Alexandar Georgiev with a rebound.
8:00 of 1st period - Slapshot by Oliver Kylington.
8:00 of 1st period - Shot Misses the Net.
8:02 of 1st period - Slapshot by Patrick Wey.
8:02 of 1st period - Stopped by Pavel Francouz without a rebound.
8:03 of 1st period - Nathan Gerbe wins face-off versus Joe Labate in Sound Tigers zone.
8:16 of 1st period - Snap shot by Christian Fischer.
8:16 of 1st period - Stopped by Alexandar Georgiev without a rebound.
8:17 of 1st period - Joe Labate wins face-off versus Nathan Gerbe in Comets zone.
8:18 of 1st period - Wrist shot by Alex Tuch.
8:18 of 1st period - Stopped by Alexandar Georgiev without a rebound.
8:19 of 1st period - Joe Labate wins face-off versus Nathan Gerbe in Comets zone.
8:24 of 1st period - Wrist shot by Christian Fischer.
8:24 of 1st period - Shot Blocked by Oliver Kylington.
8:46 of 1st period - Snap shot by Andrej Nestrasil.
8:46 of 1st period - Stopped by Pavel Francouz with a rebound.
9:18 of 1st period - Wrist shot by James Sheppard.
9:18 of 1st period - Shot Misses the Net.
10:03 of 1st period - Slapshot by Julian Melchiori.
10:03 of 1st period - Deflect By Ben Thomson.
10:03 of 1st period - Stopped by Alexandar Georgiev with a rebound.
10:05 of 1st period - Slapshot by Julian Melchiori.
10:05 of 1st period - Stopped by Alexandar Georgiev with a rebound.
10:57 of 1st period - Snap shot by Ben Thomson.
10:57 of 1st period - Stopped by Alexandar Georgiev without a rebound.
10:58 of 1st period - Tyler Graovac wins face-off versus Ben Johnson in Comets zone.
11:07 of 1st period - Slapshot by Oliver Kylington.
11:07 of 1st period - Shot Blocked by Julian Melchiori.
11:19 of 1st period - Patrick Wey is hit by Ben Thomson and loses puck.
11:28 of 1st period - Snap shot by Ross Colton.
11:28 of 1st period - Stopped by Alexandar Georgiev with a rebound.
11:30 of 1st period - Slapshot by Alexander Yelesin.
11:30 of 1st period - Stopped by Alexandar Georgiev without a rebound.
11:31 of 1st period - Nathan Gerbe wins face-off versus Joe Labate in Comets zone.
11:44 of 1st period - Wrist shot by Nathan Gerbe.
11:44 of 1st period - Shot Misses the Net.
12:32 of 1st period - Snap shot by James Sheppard.
12:32 of 1st period - Goal by James Sheppard - Sound Tigers : 1 - Comets : 1.
12:33 of 1st period - Nathan Gerbe wins face-off versus Pavel Kraskovsky in neutral zone.
13:46 of 1st period - Slater Koekkoek is hit by Juuso Riikola and loses puck.
14:11 of 1st period - Wrist shot by Taylor Beck.
14:11 of 1st period - Stopped by Pavel Francouz with a rebound.
14:27 of 1st period - Backhand shot by Garret Ross.
14:27 of 1st period - Shot Blocked by William Lagesson.
14:29 of 1st period - Slapshot by Julian Melchiori.
14:29 of 1st period - Deflect By Dan Renouf.
14:29 of 1st period - Stopped by Alexandar Georgiev without a rebound.
14:30 of 1st period - Joe Labate wins face-off versus Nathan Gerbe in Comets zone.
15:36 of 1st period - Sami Niku is hit by Ben Thomson and loses puck.
15:43 of 1st period - Connor Murphy is hit by Oliver Kylington and loses puck.
17:05 of 1st period - Nathan Gerbe is hit by Alexander Yelesin and loses puck.
17:26 of 1st period - Snap shot by Alex Tuch.
17:26 of 1st period - Stopped by Alexandar Georgiev without a rebound.
17:27 of 1st period - Taylor Beck wins face-off versus Joe Labate in Comets zone.
Goals for this period are 1 for Sound Tigers vs 1 for Comets.
Shots for this period are 18 for Sound Tigers vs 13 for Comets.
2nd period
0:01 of 2nd period - Joe Labate wins face-off versus Nathan Gerbe in neutral zone.
0:23 of 2nd period - Icing by Oliver Kylington.
0:24 of 2nd period - Pavel Kraskovsky wins face-off versus Nicolas Petan in Comets zone.
0:49 of 2nd period - Nathan Gerbe is hit by Christian Fischer and loses puck.
1:00 of 2nd period - Snap shot by Christian Fischer.
1:00 of 2nd period - Deflect By Joe Labate.
1:00 of 2nd period - Shot Misses the Net.
1:00 of 2nd period - Puck is out of play.
1:01 of 2nd period - Nicolas Petan wins face-off versus Joe Labate in Comets zone.
1:01 of 2nd period - Nicolas Petan is hit by Connor Murphy.
1:04 of 2nd period - Minor Penalty to Phil Di Giuseppe for Slashing.
1:05 of 2nd period - Dennis Everberg wins face-off versus Christian Fischer in Comets zone.
1:39 of 2nd period - Snap shot by Pavel Kraskovsky.
1:39 of 2nd period - Shot Misses the Net.
1:52 of 2nd period - Off-side.
1:53 of 2nd period - Nathan Gerbe wins face-off versus Joe Labate in neutral zone.
1:56 of 2nd period - Slapshot by Oliver Kylington.
1:56 of 2nd period - Stopped by Pavel Francouz with a rebound.
1:58 of 2nd period - Snap shot by Sami Niku.
1:58 of 2nd period - Stopped by Pavel Francouz with a rebound.
2:00 of 2nd period - Slapshot by Oliver Kylington.
2:00 of 2nd period - Stopped by Pavel Francouz with a rebound.
2:10 of 2nd period - Wrist shot by Andrej Nestrasil.
2:10 of 2nd period - Stopped by Pavel Francouz with a rebound.
2:18 of 2nd period - Wrist shot by Andrej Nestrasil.
2:18 of 2nd period - Shot Blocked by Connor Murphy.
3:00 of 2nd period - Snap shot by Nathan Gerbe.
3:00 of 2nd period - Stopped by Pavel Francouz with a rebound.
3:02 of 2nd period - Slapshot by Oliver Kylington.
3:02 of 2nd period - Deflect By Nathan Gerbe.
3:02 of 2nd period - Stopped by Pavel Francouz with a rebound.
3:04 of 2nd period - Penalty to Phil Di Giuseppe is over, Phil Di Giuseppe is back on ice.
3:04 of 2nd period - Snap shot by Oliver Kylington.
3:04 of 2nd period - Deflect By Nathan Gerbe.
3:04 of 2nd period - Shot Misses the Net.
3:04 of 2nd period - Puck is out of play.
3:05 of 2nd period - James Sheppard wins face-off versus Nicolas Petan in Sound Tigers zone.
3:30 of 2nd period - Juuso Riikola is hit by Garret Ross and loses puck.
3:43 of 2nd period - Snap shot by Garret Ross.
3:43 of 2nd period - Shot Blocked by Tyler Graovac.
3:54 of 2nd period - Off-side.
3:55 of 2nd period - Ben Johnson wins face-off versus Anton Karlsson in neutral zone.
4:20 of 2nd period - William Lagesson is hit by Alexander Yelesin.
4:24 of 2nd period - Snap shot by Phil Di Giuseppe.
4:24 of 2nd period - Shot Misses the Net.
5:38 of 2nd period - Ben Thomson is hit by Phil Di Giuseppe and loses puck.
6:21 of 2nd period - Snap shot by Garret Ross.
6:21 of 2nd period - Stopped by Alexandar Georgiev without a rebound.
6:22 of 2nd period - Rhett Gardner wins face-off versus Tyler Graovac in Comets zone.
6:30 of 2nd period - Off-side.
6:31 of 2nd period - Nathan Gerbe wins face-off versus Joe Labate in neutral zone.
6:50 of 2nd period - Alex Tuch is hit by Dennis Everberg and loses puck.
7:25 of 2nd period - Snap shot by Connor Murphy.
7:25 of 2nd period - Stopped by Alexandar Georgiev with a rebound.
7:27 of 2nd period - Snap shot by James Sheppard.
7:27 of 2nd period - Stopped by Alexandar Georgiev with a rebound.
7:29 of 2nd period - Slapshot by Slater Koekkoek.
7:29 of 2nd period - Shot Blocked by Sami Niku.
7:31 of 2nd period - Snap shot by Pavel Kraskovsky.
7:31 of 2nd period - Shot Misses the Net.
7:33 of 2nd period - Snap shot by Pavel Kraskovsky.
7:33 of 2nd period - Stopped by Alexandar Georgiev with a rebound.
7:35 of 2nd period - Slapshot by Julian Melchiori.
7:35 of 2nd period - Shot Misses the Net.
7:47 of 2nd period - Slapshot by Taylor Beck.
7:47 of 2nd period - Shot Misses the Net.
7:49 of 2nd period - Snap shot by Nathan Gerbe.
7:49 of 2nd period - Stopped by Pavel Francouz with a rebound.
8:24 of 2nd period - Off-side.
8:25 of 2nd period - Pavel Kraskovsky wins face-off versus Andrej Nestrasil in neutral zone.
8:55 of 2nd period - Snap shot by Borna Rendulic.
8:55 of 2nd period - Stopped by Alexandar Georgiev with a rebound.
9:15 of 2nd period - Slapshot by Joshua Leivo.
9:15 of 2nd period - Stopped by Pavel Francouz without a rebound.
9:16 of 2nd period - Nathan Gerbe wins face-off versus Joe Labate in Sound Tigers zone.
9:53 of 2nd period - Snap shot by Borna Rendulic.
9:53 of 2nd period - Stopped by Alexandar Georgiev with a rebound.
10:08 of 2nd period - Snap shot by James Livingstone.
10:08 of 2nd period - Shot Blocked by Phil Di Giuseppe.
10:10 of 2nd period - Slapshot by Gabriel Carlsson.
10:10 of 2nd period - Shot Misses the Net.
10:12 of 2nd period - Snap shot by James Livingstone.
10:12 of 2nd period - Shot Misses the Net.
10:22 of 2nd period - Juho Lammikko is hit by Christian Fischer and loses puck.
10:52 of 2nd period - Slapshot by Sami Niku.
10:52 of 2nd period - Shot Misses the Net.
11:04 of 2nd period - Snap shot by Rhett Gardner.
11:04 of 2nd period - Shot Misses the Net.
11:06 of 2nd period - Snap shot by James Sheppard.
11:06 of 2nd period - Shot Misses the Net.
11:22 of 2nd period - Snap shot by Joe Labate.
11:22 of 2nd period - Shot Blocked by Taylor Beck.
11:41 of 2nd period - Off-side.
11:42 of 2nd period - Andrej Nestrasil wins face-off versus Ben Johnson in neutral zone.
11:45 of 2nd period - Ben Thomson is hit by Mackenzie MacEachern and loses puck.
12:30 of 2nd period - Icing by Juuso Riikola.
12:31 of 2nd period - Nathan Gerbe wins face-off versus Alex Tuch in Comets zone.
13:32 of 2nd period - Wrist shot by Taylor Beck.
13:32 of 2nd period - Deflect By Nathan Gerbe.
13:32 of 2nd period - Stopped by Pavel Francouz with a rebound.
14:11 of 2nd period - Slapshot by Nathan Gerbe.
14:11 of 2nd period - Shot Blocked by Gabriel Carlsson.
15:07 of 2nd period - Snap shot by Pavel Kraskovsky.
15:07 of 2nd period - Deflect By James Sheppard.
15:07 of 2nd period - Stopped by Alexandar Georgiev with a rebound.
15:43 of 2nd period - Wrist shot by Nathan Gerbe.
15:43 of 2nd period - Goal by Nathan Gerbe - Sound Tigers : 1 - Comets : 2.
15:44 of 2nd period - Joe Labate wins face-off versus Nicolas Petan in neutral zone.
16:09 of 2nd period - Wrist shot by Andrej Nestrasil.
16:09 of 2nd period - Shot Blocked by Dylan McIlrath.
16:18 of 2nd period - Minor Penalty to Juho Lammikko for Hooking.
16:19 of 2nd period - Nicolas Petan wins face-off versus Joe Labate in Comets zone.
16:19 of 2nd period - Nicolas Petan is hit by Joe Labate.
16:28 of 2nd period - Off-side.
16:29 of 2nd period - Joe Labate wins face-off versus Nicolas Petan in neutral zone.
16:32 of 2nd period - Slapshot by Connor Murphy.
16:32 of 2nd period - Shot Blocked by Andrej Nestrasil.
16:34 of 2nd period - Snap shot by Connor Murphy.
16:34 of 2nd period - Shot Misses the Net.
16:36 of 2nd period - Snap shot by Connor Murphy.
16:36 of 2nd period - Shot Blocked by Nicolas Petan.
16:38 of 2nd period - Slapshot by Connor Murphy.
16:38 of 2nd period - Stopped by Alexandar Georgiev with a rebound.
16:56 of 2nd period - Wrist shot by Joe Labate.
16:56 of 2nd period - Stopped by Alexandar Georgiev without a rebound.
16:57 of 2nd period - Joe Labate wins face-off versus Nicolas Petan in Comets zone.
17:06 of 2nd period - Slapshot by Patrick Wey.
17:06 of 2nd period - Stopped by Pavel Francouz with a rebound.
18:18 of 2nd period - Penalty to Juho Lammikko is over, Juho Lammikko is back on ice.
18:31 of 2nd period - Nicolas Petan is hit by Borna Rendulic and loses puck.
19:10 of 2nd period - Dylan McIlrath is hit by Phil Di Giuseppe and loses puck.
19:56 of 2nd period - Kurtis Macdermid is hit by Ross Colton and loses puck.
Goals for this period are 0 for Sound Tigers vs 1 for Comets.
Shots for this period are 9 for Sound Tigers vs 11 for Comets.
3rd period
0:01 of 3rd period - Nathan Gerbe wins face-off versus Joe Labate in neutral zone.
0:04 of 3rd period - Connor Murphy is hit by Oliver Kylington and loses puck.
0:13 of 3rd period - Wrist shot by Joe Labate.
0:13 of 3rd period - Goal by Joe Labate - Sound Tigers : 2 - Comets : 2.
0:14 of 3rd period - Joe Labate wins face-off versus Nathan Gerbe in neutral zone.
0:16 of 3rd period - Off-side.
0:17 of 3rd period - Nathan Gerbe wins face-off versus Joe Labate in neutral zone.
0:30 of 3rd period - Wrist shot by Alex Tuch.
0:30 of 3rd period - Stopped by Alexandar Georgiev without a rebound.
0:31 of 3rd period - Nathan Gerbe wins face-off versus Joe Labate in Comets zone.
0:45 of 3rd period - Icing by Dylan McIlrath.
0:46 of 3rd period - Nathan Gerbe wins face-off versus Joe Labate in Sound Tigers zone.
0:47 of 3rd period - Slapshot by Dennis Everberg.
0:47 of 3rd period - Deflect By Taylor Beck.
0:47 of 3rd period - Stopped by Pavel Francouz with a rebound.
0:49 of 3rd period - Slapshot by Patrick Wey.
0:49 of 3rd period - Stopped by Pavel Francouz without a rebound.
0:50 of 3rd period - Christian Fischer wins face-off versus Nathan Gerbe in Sound Tigers zone.
1:06 of 3rd period - Off-side.
1:07 of 3rd period - Pavel Kraskovsky wins face-off versus Nicolas Petan in neutral zone.
1:16 of 3rd period - Snap shot by James Sheppard.
1:16 of 3rd period - Shot Hit the Post.
1:18 of 3rd period - Slapshot by James Livingstone.
1:18 of 3rd period - Stopped by Alexandar Georgiev without a rebound.
1:19 of 3rd period - Nathan Gerbe wins face-off versus Joe Labate in Comets zone.
1:19 of 3rd period - Nathan Gerbe is hit by Christian Fischer.
1:46 of 3rd period - Oliver Kylington is hit by Dylan McIlrath and loses puck.
1:53 of 3rd period - Dylan McIlrath is hit by Nicolas Petan.
2:13 of 3rd period - Connor Murphy is hit by Juuso Riikola and loses puck.
2:36 of 3rd period - Snap shot by Connor Murphy.
2:36 of 3rd period - Shot Misses the Net.
3:38 of 3rd period - Wrist shot by Juho Lammikko.
3:38 of 3rd period - Shot Misses the Net.
3:40 of 3rd period - Slapshot by Andrej Nestrasil.
3:40 of 3rd period - Shot Misses the Net.
4:28 of 3rd period - Alexander Yelesin is hit by Joshua Leivo and loses puck.
5:07 of 3rd period - Oliver Kylington is hit by Ben Johnson and loses puck.
5:14 of 3rd period - Slapshot by Connor Murphy.
5:14 of 3rd period - Shot Misses the Net.
5:16 of 3rd period - Slapshot by Dylan McIlrath.
5:16 of 3rd period - Stopped by Alexandar Georgiev with a rebound.
5:18 of 3rd period - Snap shot by Ben Thomson.
5:18 of 3rd period - Shot Blocked by Oliver Kylington.
5:28 of 3rd period - Connor Murphy is hit by Tyler Graovac and loses puck.
5:35 of 3rd period - Backhand shot by Julian Melchiori.
5:35 of 3rd period - Stopped by Alexandar Georgiev with a rebound.
5:37 of 3rd period - Snap shot by Joe Labate.
5:37 of 3rd period - Shot Blocked by Oliver Kylington.
5:54 of 3rd period - Wrist shot by James Sheppard.
5:54 of 3rd period - Deflect By Pavel Kraskovsky.
5:54 of 3rd period - Stopped by Alexandar Georgiev without a rebound.
5:55 of 3rd period - Nathan Gerbe wins face-off versus Pavel Kraskovsky in Comets zone.
5:59 of 3rd period - Off-side.
6:00 of 3rd period - Nathan Gerbe wins face-off versus Joe Labate in neutral zone.
6:06 of 3rd period - Taylor Beck is hit by Alex Tuch and loses puck.
7:36 of 3rd period - Slapshot by Nathan Gerbe.
7:36 of 3rd period - Shot Misses the Net.
7:51 of 3rd period - Minor Penalty to Borna Rendulic for Interference.
7:52 of 3rd period - Nicolas Petan wins face-off versus Alex Tuch in Sound Tigers zone.
7:56 of 3rd period - Snap shot by Joshua Leivo.
7:56 of 3rd period - Shot Misses the Net.
8:34 of 3rd period - Connor Murphy is hit by Anton Zlobin and loses puck.
9:24 of 3rd period - Slater Koekkoek is hit by Phil Di Giuseppe.
9:51 of 3rd period - Penalty to Borna Rendulic is over, Borna Rendulic is back on ice.
10:28 of 3rd period - Alexander Yelesin is hit by Andrej Nestrasil and loses puck.
11:41 of 3rd period - Slapshot by Patrick Wey.
11:41 of 3rd period - Shot Misses the Net.
13:18 of 3rd period - Minor Penalty to Pavel Kraskovsky for Interference.
13:19 of 3rd period - Alex Tuch wins face-off versus Nathan Gerbe in Sound Tigers zone.
13:24 of 3rd period - Minor Penalty to Taylor Beck for Hooking.
13:25 of 3rd period - Alex Tuch wins face-off versus Anton Karlsson in Comets zone.
13:26 of 3rd period - Snap shot by James Sheppard.
13:26 of 3rd period - Shot Blocked by Patrick Wey.
13:34 of 3rd period - Slapshot by Patrick Wey.
13:34 of 3rd period - Stopped by Pavel Francouz with a rebound.
13:54 of 3rd period - Icing by James Sheppard.
13:55 of 3rd period - Anton Karlsson wins face-off versus Alex Tuch in Sound Tigers zone.
13:58 of 3rd period - Snap shot by Dennis Everberg.
13:58 of 3rd period - Shot Blocked by Alex Tuch.
14:00 of 3rd period - Slapshot by Juuso Riikola.
14:00 of 3rd period - Stopped by Pavel Francouz with a rebound.
14:17 of 3rd period - Icing by Patrick Wey.
14:18 of 3rd period - Scott Glennie wins face-off versus William Lockwood in Comets zone.
14:29 of 3rd period - Snap shot by Dylan McIlrath.
14:29 of 3rd period - Deflect By Scott Glennie.
14:29 of 3rd period - Stopped by Alexandar Georgiev without a rebound.
14:30 of 3rd period - Anton Karlsson wins face-off versus Alex Tuch in Comets zone.
15:13 of 3rd period - Snap shot by Garret Ross.
15:13 of 3rd period - Stopped by Alexandar Georgiev with a rebound.
15:15 of 3rd period - Slapshot by Garret Ross.
15:15 of 3rd period - Goal by Garret Ross - Sound Tigers : 3 - Comets : 2.
15:16 of 3rd period - Dennis Everberg wins face-off versus Alex Tuch in neutral zone.
15:18 of 3rd period - Penalty to Pavel Kraskovsky is over, Pavel Kraskovsky is back on ice.
15:24 of 3rd period - Penalty to Taylor Beck is over, Taylor Beck is back on ice.
15:33 of 3rd period - Snap shot by James Sheppard.
15:33 of 3rd period - Stopped by Alexandar Georgiev with a rebound.
15:55 of 3rd period - Wrist shot by Taylor Beck.
15:55 of 3rd period - Shot Blocked by Connor Murphy.
16:01 of 3rd period - Slapshot by Connor Murphy.
16:01 of 3rd period - Shot Blocked by Anton Karlsson.
16:03 of 3rd period - Slapshot by Connor Murphy.
16:03 of 3rd period - Shot Blocked by Anton Karlsson.
16:05 of 3rd period - Slapshot by Alex Tuch.
16:05 of 3rd period - Shot Misses the Net.
16:07 of 3rd period - Wrist shot by Alex Tuch.
16:07 of 3rd period - Stopped by Alexandar Georgiev with a rebound.
16:09 of 3rd period - Wrist shot by Pavel Kraskovsky.
16:09 of 3rd period - Sound Tigers goal is going for a video replay.
16:09 of 3rd period - The goal is good.
16:09 of 3rd period - Goal by Pavel Kraskovsky - Sound Tigers : 4 - Comets : 2.
16:10 of 3rd period - Rhett Gardner wins face-off versus Nicolas Petan in neutral zone.
16:13 of 3rd period - Slapshot by Slater Koekkoek.
16:13 of 3rd period - Stopped by Alexandar Georgiev without a rebound.
16:14 of 3rd period - Nicolas Petan wins face-off versus Rhett Gardner in Comets zone.
17:18 of 3rd period - Icing by Dan Renouf.
17:19 of 3rd period - Andrej Nestrasil wins face-off versus Ben Johnson in Comets zone.
17:24 of 3rd period - Wrist shot by Taylor Beck.
17:24 of 3rd period - Shot Blocked by Connor Murphy.
17:32 of 3rd period - Snap shot by Ben Thomson.
17:32 of 3rd period - Deflect By Ross Colton.
17:32 of 3rd period - Goal by Ross Colton - Sound Tigers : 5 - Comets : 2.
17:33 of 3rd period - Joe Labate wins face-off versus Nathan Gerbe in neutral zone.
17:46 of 3rd period - Slapshot by Joe Labate.
17:46 of 3rd period - Shot Misses the Net.
17:58 of 3rd period - Joshua Leivo is hit by James Sheppard.
18:19 of 3rd period - Minor Penalty to Oliver Kylington for Charging.
18:20 of 3rd period - Joe Labate wins face-off versus Taylor Beck in Comets zone.
18:51 of 3rd period - Snap shot by Dylan McIlrath.
18:51 of 3rd period - Stopped by Alexandar Georgiev with a rebound.
19:33 of 3rd period - Slater Koekkoek is hit by Dan Renouf and loses puck.
Goals for this period are 4 for Sound Tigers vs 0 for Comets.
Shots for this period are 15 for Sound Tigers vs 4 for Comets.
Output by the SimonT Hockey Simulator (STHS) for Francois Prevost